 Dungeon Crawl Stone Soup version 0.27-a0-1256-gced786f65e (webtiles) character file.

Game seed: 10307890212491629906

87 freelancePsychic the Vexing (level 4, -2/34 HPs)
             Began as a Demonspawn Arcane Marksman on June 10, 2021.
             Slain by an adder (4 damage)
             ... on level 3 of the Dungeon.
             The game lasted 00:08:25 (2708 turns).

freelancePsychic the Vexing (DsAM)                  Turns: 2708, Time: 00:08:26

Health: -2/34      AC:  2    Str:  9 (10) XL:     4   Next: 28%
Magic:  7/7        EV: 12    Int: 13 (16) God:
Gold:   122        SH:  0    Dex: 11 (13) Spells: 4/7 levels left

rFire    . . .     SeeInvis .   a - +1 shortbow
rCold    . . .     Faith    .   (shield currently unavailable)
rNeg     . . .     Spirit   .   e - +0 robe
rPois    .         Reflect  .   (no helmet)
rElec    .         Harm     .   (no cloak)
rCorr    .         Rampage  .   (no gloves)
Will     .....                  (no boots)
Stlth    +.........             (no amulet)
HPRegen  0.11/turn              (no ring)
MPRegen  0.20/turn              (no ring)

@: mighty, flying
A: magic regeneration
a: no special abilities


You were on level 3 of the Dungeon.
You visited 1 branch of the dungeon, and saw 3 of its levels.

You collected 122 gold pieces.

Inventory:

Hand Weapons
 a - a +1 shortbow (weapon)
 b - a +0 whip of electrocution
Missiles
 d - 48 arrows (quivered ammo)
 h - 13 sling bullets
 k - 7 atropa-tipped darts
Armour
 e - a +0 robe (worn)


   Skills:
 - Level 2.7 Fighting
 - Level 2.3 Bows
 - Level 1.7 Dodging
 + Level 2.2 Spellcasting
 + Level 0.8 Conjurations
 - Level 3.0 Hexes


You had 4 spell levels left.
You knew the following spells:

 Your Spells              Type           Power      Damage    Failure   Level
a - Corona                Hex            10%        N/A       8%          1
b - Slow                  Hex            9%         N/A       11%         2

Your spell library contained the following spells:

 Spells                   Type           Power      Damage    Failure   Level
 Magic Dart               Conj           12%        1d3       19%         1
 Animate Skeleton         Necr           2%         N/A       26%         1
 Apportation              Tloc           2%         N/A       26%         1
 Summon Small Mammal      Summ           4%         N/A       26%         1
 Searing Ray              Conj           6%         3d3       26%         2
 Dazzling Flash           Conj/Hex       12%        N/A       34%         3
 Inner Flame              Hex/Fire       5%         N/A       38%         3
 Portal Projectile        Hex/Tloc       10%        N/A       38%         3
 Cause Fear               Hex            4%         N/A       58%         4
 Fulminant Prism          Conj/Hex       3%         3d6       75%         4
 Leda's Liquefaction      Hex/Erth       2%         N/A       80%         4
 Iskenderun's Mystic Bla  Conj/Tloc      2%         2d3       91%         4


Dungeon Overview and Level Annotations

Branches:
Dungeon (3/15)

Altars:


Innate Abilities, Weirdness & Mutations

You regenerate magic rapidly.


Message History

Press: ? - help, Q - select action, (/) - cycle Shift-Dir - straight line, f/p - adder
Aim: an adder (42% to hit)
You shoot an arrow. The arrow misses the adder.
The adder bites you. x2
Fire: 50 arrows
Press: ? - help, Q - select action, (/) - cycle Shift-Dir - straight line, f/p - adder
Aim: an adder (42% to hit)
You shoot an arrow. The arrow barely misses the adder.
The adder bites you.
* * * LOW HITPOINT WARNING * * *
Fire: 49 arrows
Press: ? - help, Q - select action, (/) - cycle Shift-Dir - straight line, f/p - adder
Aim: an adder (42% to hit)
You shoot an arrow. The arrow misses the adder.
The adder bites you but does no damage. The adder bites you.
* * * LOW HITPOINT WARNING * * *
It was a potion of degeneration.
There was something very wrong with that liquid.
You feel weakened.
You feel dopey.
You feel clumsy. The adder misses you.
It was a potion of flight.
You feel very buoyant.
You fly up into the air.
The adder bites you.
* * * LOW HITPOINT WARNING * * *
The adder bites you.
* * * LOW HITPOINT WARNING * * *
It was a potion of curing.
You feel better. The adder closely misses you.
As you read the scroll labelled REUTEIFOXT, it crumbles to dust.
You assume a fearsome visage.
The adder looks frightened!
It was a scroll of fear.
Cornered, the adder turns to fight!
As you read the scroll labelled DODUUS EVENI, it crumbles to dust.
Your body is wracked with pain!
* * * LOW HITPOINT WARNING * * *
The adder convulses!
It was a scroll of torment.
The adder bites you.
* * * LOW HITPOINT WARNING * * *
It was a potion of might.
You feel very mighty all of a sudden. The adder bites you.
You die...

#..##....##..# #.#.
######..######..##
#.##
...............##
#.#
.........>######
###.# ########.##
#...# #.##### #.###
#.....# #.# #.###.#
#.# #.# #@## #.#
#.####S## #.#
#.#S(##.#########.#
### #.#.##........#
##.###†########
#####.# #..###
##...# #.#.#


You could see an adder.

Vanquished Creatures
  2 adders (D:2)
  An ufetubus (D:2)
  A dart slug (D:2)
  An orc (D:3)
  An endoplasm (D:1)
  14 giant cockroaches
  5 goblins
  3 hobgoblins
  2 jackals (D:2)
  A quokka (D:2)
  10 ball pythons
  3 bats
  3 frilled lizards
  3 kobolds
  6 rats
56 creatures vanquished.

Vanquished Creatures (others)
  2 fungi (D:2)
  2 plants (D:2)
4 creatures vanquished.

Grand Total: 60 creatures vanquished

Notes
Turn   | Place    | Note
-------+----------+-------------------------------------------
     0 | D:1      | freelancePsychic the Demonspawn Arcane Marksman began the
                  | quest for the Orb.
     0 | D:1      | Reached XP level 1. HP: 15/15 MP: 2/2
   255 | D:1      | Gained mutation: You regenerate magic rapidly. [demonic
                  | ancestry]
   255 | D:1      | Reached XP level 2. HP: 16/21 MP: 3/3
   741 | D:2      | Found a faded altar of an unknown god.
  1057 | D:2      | Reached XP level 3. HP: 27/27 MP: 3/5
  1741 | D:2      | Learned a level 2 spell: Slow
  2268 | D:3      | Reached XP level 4. HP: 26/34 MP: 7/7
  2708 | D:3      | Slain by an adder

Illustrated notes

Levels and vault maps discovered:
D:1:      dpeg_arrival_rhombus, layout_loops_ring, minmay_pentomino_r4
D:2:      layout_loops_ring, shapermc_ecumenical_altar_mp_ritualfount,
          hangedman_abyss_or_decor_stabs
D:3:      minmay_roachtagon, layout_basic, marbit_many_paths, old_standard_altar

Skill      XL: |  1  2  3 |
---------------+----------+-----
Bows           | 2 |  2.3
Fighting       | 2 |  2.7
Spellcasting   | 2 |  2.2
Dodging        | |  1.7
Conjurations   | |  0.8
Hexes          | |  3.0

Action                   |  1- 3 |  4- 6 || total
-------------------------+-------+-------++-------
Melee: Unarmed           |     4 |       ||     4
       Whip              |       |    12 ||    12
 Fire: Shortbow          |   107 |    43 ||   150
  Use: Potion            |     1 |     4 ||     5
       Scroll            |     1 |     2 ||     3
 Stab: Sleeping          |       |     1 ||     1
Armor: Robe              |     6 |    18 ||    24
Dodge: Dodged            |    34 |    40 ||    74

Table legend: (Time is in decaauts)
 A = Elapsed time spent in this place.
 B = Non-inter-level travel time spent in this place.
 C = Inter-level travel time spent in this place.
 D = Time resting spent in this place.
 E = Time spent auto-exploring this place.
 F = Levels seen in this place.
 G = Mean time per level.
                   A        B        C        D        E       F      G
               +--------+--------+--------+--------+--------+-----+--------+
         Total |   2734 |   2649 |     85 |    496 |   1802 |   3 |  911.3 |
       Dungeon |   2734 |   2649 |     85 |    496 |   1802 |   3 |  911.3 |
               +--------+--------+--------+--------+--------+-----+--------+

Top non-repeatable levels by time:
     D:2: 1418 daAuts
     D:1: 721 daAuts
     D:3: 594 daAuts
